Map: Frozen Temple

Players

Gracz - Winner!

  • Race: Protoss Protoss
  • League: Bronze

tzarthomas

  • Race: Zerg Zerg

VOD

Have the link to the VOD?

Description

Time

  • Played on: Sept. 18, 2016, 7:13 a.m.
  • Length: 3:32
Show
View Real Time Build Order
Export as new Build Order

Gracz Protoss - Winner!

Build Orders:  

Get SALT Encoding   

  12  0:03  Probe (Chrono Boost)  
  13  0:13  Probe (Chrono Boost)  
  14  0:24  Probe (Chrono Boost)  
  15  0:37  Pylon  
  15  0:42  Pylon  
  15  0:55  Probe (Chrono Boost), Gateway  
  16  0:59  Gateway  
  16  1:05  Probe (Chrono Boost)  
  16  1:08  Assimilator  
  17  1:25  Gateway  
  17  1:28  Probe (Chrono Boost)  
  18  1:43  Zealot  
  18  1:46  Zealot  
  22  1:55  Cybernetics Core  
  22  1:57  Probe (Chrono Boost)  
  23  2:10  Zealot  
  23  2:11  Zealot  
  23  2:13  Zealot  
  29  2:38  Zealot  
  31  2:49  Pylon  
Show
View Real Time Build Order
Export as new Build Order

tzarthomas Zerg 

Build Orders: Pool First 

Get SALT Encoding   

  12  0:09  Overlord  
  12  0:21  Drone  
  12  0:22  Drone  
  14  0:40  Spawning Pool  
  13  0:50  Evolution Chamber  
  13  0:51  Drone x2  
  13  0:54  Drone  
  15  1:10  Extractor  
  14  1:27  Queen  
  14  1:31  Drone x3  
  19  2:03  Hatchery  
  18  2:34  Roach Warren  
  17  2:44  Zergling x6  
  20  3:11  Zergling x4  
Tags
 
Add a new tag
Caveats
  • Supply blocks, unpowered buildings, or Contaminate may cause inaccurate times.
  • Supply counts are checked every 10 seconds.